Map: Blackpink LE

Players

LaFantome

  • Race: Zerg Zerg
  • Spawn Location: 1:00

Vermillion - Winner!

  • Race: Terran Terran
  • League: Diamond
  • Spawn Location: 7:00

VOD

Have the link to the VOD?

Description

Time

  • Played on: Nov. 29, 2017, 12:57 p.m.
  • Length: 22:45
Show
View Real Time Build Order
Export as new Build Order

LaFantome Zerg 

Build Orders: Hatch First 

Get SALT Encoding   

  12  0:01  Drone  
  13  0:13  Overlord  
  13  0:17  Drone  
  14  0:31  Drone x2  
  14  0:35  Drone  
  17  0:54  Hatchery  
  17  0:56  Drone  
  17  0:58  Drone  
  18  1:11  Extractor  
  18  1:14  Spawning Pool  
  18  1:18  Drone  
  17  1:20  Drone  
  18  1:28  Drone  
  19  1:40  Overlord  
  19  1:51  Drone  
  20  2:01  Zergling x2  
  20  2:05  Queen  
  20  2:06  Queen, Zergling x2  
  26  2:13  Metabolic Boost  
  26  2:19  Drone x2  
  28  2:31  Drone  
  28  2:32  Drone  
  30  2:48  Queen x2  
  34  2:52  Overlord  
  34  3:06  Hatchery  
  34  3:10  Drone x5  
  38  3:14  Drone  
  38  3:15  Drone  
  40  3:23  Drone x4  
  42  3:37  Drone  
  42  3:38  Drone  
  42  3:41  Extractor, Overlord  
  43  3:45  Overlord  
  43  3:47  Drone  
  44  3:53  Roach Warren  
  43  3:59  Drone  
  43  4:00  Drone  
  43  4:01  Drone  
  43  4:02  Drone x3  
  49  4:05  Extractor  
  48  4:16  Drone  
  49  4:34  Zergling x10  
  49  4:35  Zergling x10  
  59  4:49  Drone x2  
  61  4:53  Evolution Chamber x2  
  59  5:00  Roach x3  
  59  5:02  Overlord x2  
  65  5:29  Roach x7  
  65  5:32  Roach  
  65  5:35  Overlord x4  
  81  5:49  Zerg Ground Armor Level 1, Zerg Missile Weapons Level 1  
  80  5:50  Lair  
  80  5:55  Roach x8  
  96  6:15  Drone  
  96  6:16  Drone x11  
  108  6:33  Overlord x4  
  108  6:51  Glial Reconstitution  
  108  6:53  Hydralisk Den  
  107  7:00  Drone  
  111  7:01  Drone x12  
  111  7:04  Extractor x2  
  111  7:07  Infestation Pit  
  117  7:11  Overlord  
  117  7:29  Overseer  
  117  7:32  Muscular Augments, Hydralisk x7  
  117  7:35  Overlord x5  
  131  7:51  Hatchery  
  131  7:56  Drone  
  131  7:57  Drone x8  
  139  7:59  Zerg Missile Weapons Level 2, Zerg Ground Armor Level 2  
  139  8:03  Extractor  
  139  8:05  Hydralisk  
  140  8:14  Hive  
  121  8:55  Spire  
  120  8:58  Drone x7  
  120  8:59  Drone x3  
  130  9:03  Queen x2  
  130  9:07  Overlord x3  
  134  9:14  Zergling x14  
  134  9:15  Hatchery  
  140  9:23  Extractor  
  139  9:25  Extractor  
  138  9:32  Ultralisk Cavern  
  137  9:50  Hydralisk x5  
  137  9:51  Hydralisk x4  
  155  10:09  Greater Spire  
  152  10:20  Hydralisk x4  
  152  10:21  Hydralisk x5  
  144  10:30  Ultralisk x2  
  152  10:38  Hydralisk x2  
  156  10:49  Hydralisk x3  
  152  11:13  Chitinous Plating  
  152  11:14  Corruptor  
  152  11:15  Corruptor x5  
  164  11:26  Hydralisk  
  164  11:27  Hydralisk x2  
  164  11:29  Zergling x2  
  164  11:30  Zergling x12  
  177  11:38  Overlord  
  177  11:39  Overlord x2  
  177  11:43  Hatchery  
  176  11:57  Brood Lord x2  
  176  11:58  Brood Lord  
  182  12:02  Brood Lord  
  182  12:03  Hatchery  
  182  12:05  Extractor, Zergling x16  
  182  12:06  Extractor, Zergling x2  
  182  12:07  Extractor x2  
  188  12:11  Brood Lord  
  190  12:20  Brood Lord  
  190  12:22  Zergling x2  
  193  12:23  Zergling x14  
  122  13:08  Hydralisk  
  122  13:09  Hydralisk x12  
  148  13:25  Drone x3  
  148  13:26  Drone x3  
  154  13:31  Drone x3  
  154  13:32  Drone x3  
  154  13:33  Drone x3  
  159  14:05  Hydralisk x13  
  159  14:06  Hydralisk x2  
  181  14:40  Corruptor  
  181  14:41  Corruptor x4  
  115  16:34  Brood Lord x5  
  115  16:38  Hydralisk  
  115  16:39  Hydralisk x20  
  95  17:48  Hydralisk  
  95  17:49  Hydralisk x17  
  111  17:59  Hatchery  
  111  18:04  Corruptor  
  111  18:05  Corruptor x3  
  112  18:11  Hydralisk  
  120  18:25  Corruptor  
  120  18:26  Corruptor x4  
  130  18:30  Extractor x2  
  118  19:26  Brood Lord x4  
  118  19:27  Queen x3, Brood Lord  
  118  19:28  Queen  
  136  19:45  Brood Lord  
  138  19:47  Queen  
  138  19:49  Zergling x2  
  138  19:50  Zergling x36  
  138  19:51  Zergling x22  
  170  20:03  Queen x3  
  177  20:23  Queen  
  172  20:39  Queen  
  128  20:50  Hatchery  
  96  21:09  Hydralisk x2  
  96  21:10  Hydralisk x16  
  103  21:36  Ultralisk  
  103  21:37  Ultralisk x2  
  121  21:49  Drone x3  
  121  21:50  Drone x2  
  121  21:51  Queen x2  
  121  21:52  Queen x2  
  134  21:57  Hatchery  
  133  22:02  Extractor  
  133  22:04  Extractor  
Show
View Real Time Build Order
Export as new Build Order

Vermillion Terran - Winner!

Build Orders: Cyclone Opening, Reaper Expand, MMM Bio 

Get SALT Encoding   

  12  0:00  SCV  
  13  0:13  SCV  
  14  0:17  Supply Depot  
  14  0:25  SCV  
  15  0:33  Refinery  
  15  0:39  SCV  
  16  0:45  Barracks  
  16  0:51  SCV  
  17  1:03  SCV  
  18  1:15  SCV  
  19  1:32  Orbital Command  
  19  1:46  Reaper  
  20  1:48  Command Center  
  20  2:00  Factory  
  20  2:04  SCV  
  21  2:11  Supply Depot  
  21  2:16  SCV  
  22  2:25  Barracks Reactor, Refinery  
  22  2:28  SCV  
  23  2:40  SCV  
  24  2:50  Cyclone  
  27  2:52  SCV  
  28  3:04  SCV  
  29  3:10  Orbital Command  
  29  3:13  Marine  
  29  3:14  Marine  
  30  3:23  SCV  
  30  3:24  Command Center  
  31  3:35  Marine x2  
  31  3:39  SCV x2  
  35  3:44  Cyclone  
  38  3:53  Bunker  
  38  3:54  SCV  
  38  3:55  SCV  
  40  3:58  Marine x2  
  42  4:06  SCV  
  42  4:07  SCV  
  42  4:09  Supply Depot  
  44  4:18  Marine  
  44  4:19  SCV  
  46  4:26  Supply Depot  
  46  4:30  Cyclone, SCV  
  46  4:31  SCV  
  51  4:36  Orbital Command  
  51  4:42  SCV  
  51  4:43  SCV  
  51  4:44  Barracks  
  53  4:47  Barracks  
  53  4:48  Supply Depot  
  53  4:50  Supply Depot  
  53  4:54  SCV  
  53  4:56  Marine x2  
  53  4:57  SCV  
  57  5:02  SCV  
  57  5:06  Factory Tech Lab, SCV  
  59  5:12  SCV  
  59  5:14  Marine  
  59  5:20  Engineering Bay  
  60  5:21  Starport  
  60  5:22  SCV  
  60  5:23  SCV, Engineering Bay, Refinery x2  
  60  5:25  SCV  
  63  5:29  Marine  
  63  5:35  SCV  
  65  5:36  Barracks Tech Lab x2, SCV  
  65  5:38  SCV  
  65  5:39  Marine  
  68  5:47  SCV  
  69  5:53  Marine  
  69  5:54  SCV  
  71  5:58  Terran Infantry Armor Level 1, Terran Infantry Weapons Level 1  
  71  6:00  Starport Reactor  
  71  6:01  Supply Depot, Combat Shields  
  71  6:02  Stimpack, Marine  
  71  6:03  Marine x2  
  74  6:09  SCV x2  
  74  6:10  Orbital Command  
  76  6:13  Supply Depot  
  76  6:14  Supply Depot  
  76  6:20  Marine x2  
  76  6:25  Barracks, SCV  
  79  6:27  SCV  
  79  6:28  Barracks  
  79  6:29  Barracks  
  79  6:30  Marine x2  
  81  6:33  Infernal Pre-Igniter  
  81  6:37  SCV  
  81  6:39  Supply Depot  
  82  6:40  SCV x2  
  84  6:49  Marine x2  
  84  6:50  Marine x2  
  84  6:53  Medivac x2  
  92  6:55  SCV  
  92  7:00  SCV x2  
  95  7:07  Marine x2, SCV  
  98  7:09  Marine x2  
  98  7:12  SCV x2  
  98  7:15  Supply Depot, Barracks Reactor x2  
  102  7:16  Supply Depot  
  102  7:21  Barracks Reactor  
  102  7:22  Barracks Tech Lab  
  102  7:28  Marine x3, Liberator x2  
  106  7:30  SCV x3  
  106  7:33  Marine  
  106  7:34  Command Center  
  109  7:37  Armory  
  109  7:39  Supply Depot  
  109  7:46  Marine x2  
  109  7:47  Marauder, Hellion  
  109  7:48  SCV x3  
  109  7:49  Factory  
  109  7:50  Marine  
  109  7:51  Marine  
  126  7:54  Marine x2  
  126  7:55  Marine x2  
  130  8:00  SCV, Refinery x2  
  130  8:04  Marine  
  132  8:08  Marauder  
  136  8:16  Supply Depot  
  136  8:17  Supply Depot  
  136  8:18  Marine x2  
  136  8:19  Sensor Tower, Marine, Marauder  
  139  8:21  Liberator x2  
  139  8:22  SCV x2  
  134  8:36  Marine  
  134  8:37  Marine x2  
  134  8:38  Siege Tank  
  143  8:44  Marine x2  
  143  8:45  Marauder  
  147  8:56  Terran Ship Weapons Level 1, Terran Infantry Weapons Level 2  
  147  8:57  Marine, Fusion Core  
  147  8:58  Marauder, Marine x2  
  147  9:00  Marauder, Marine  
  147  9:02  Marine  
  156  9:05  Command Center  
  156  9:06  Marauder  
  158  9:16  Marine x2  
  158  9:17  Marine x2  
  160  9:18  Marine  
  160  9:20  Marauder, Marine  
  160  9:21  Marine, Medivac x2  
  160  9:22  Planetary Fortress  
  171  9:27  Marauder  
  173  9:41  Marine x4  
  173  9:42  Siege Tank  
  180  10:10  SCV  
  180  10:11  SCV x2  
  180  10:12  Marine x3  
  180  10:13  Marine  
  180  10:15  Liberator x2  
  180  10:16  Marine x2  
  180  10:17  Marauder  
  184  10:25  Refinery x2  
  175  10:30  Marine x4  
  175  10:31  Marauder, Siege Tank  
  190  10:36  Terran Infantry Armor Level 2  
  190  10:40  Marine, Supply Depot x2  
  190  10:42  Orbital Command  
  191  10:48  Command Center  
  183  11:17  Medivac x2  
  187  11:32  Marine x3  
  190  11:33  Marauder  
  190  11:38  Factory Tech Lab  
  190  11:39  Starport  
  192  11:41  Terran Ship Weapons Level 2  
  192  11:42  Terran Infantry Weapons Level 3  
  192  11:46  Concussive Shells  
  192  11:47  Marine x2  
  192  11:48  Marauder  
  196  12:09  Siege Tank  
  199  12:15  Starport Tech Lab  
  199  12:16  Armory  
  174  12:55  Marine x6  
  174  12:56  Marauder, Marine x2  
  137  13:02  Thor x2  
  119  13:13  Marine x3, Missile Turret  
  119  13:14  Marauder x2, Viking x2  
  119  13:18  Viking  
  119  13:19  Marine x2  
  127  13:20  Marauder  
  127  13:21  Terran Vehicle Weapons Level 1  
  127  13:23  Terran Infantry Armor Level 3  
  130  13:34  Marine x2, Missile Turret  
  130  13:35  Marine x4  
  130  13:37  Marine x2  
  130  13:39  Command Center  
  130  13:41  Marine  
  137  13:44  Viking x2  
  137  13:45  Thor  
  148  13:51  Viking  
  148  13:52  Marine x3  
  148  13:53  Marauder  
  155  14:07  Terran Ship Weapons Level 3  
  155  14:14  Marine, Medivac, Viking  
  155  14:15  Marine x3  
  155  14:16  Marauder  
  165  14:21  Siege Tank, Medivac  
  167  14:35  Marine x3  
  167  14:36  Marine x3  
  167  14:37  Marauder  
  175  14:43  Medivac  
  177  14:50  Liberator x2  
  171  14:56  Liberator  
  171  14:58  Marine x5  
  171  14:59  Marauder  
  178  15:06  Siege Tank x2  
  193  15:27  Marine x3  
  193  15:28  Marauder  
  176  15:30  Marine x4  
  176  15:31  Marine  
  127  15:44  Marine x2  
  127  15:45  Marine  
  127  15:48  Marine x4  
  127  15:49  Marauder x2  
  135  15:50  Viking x2  
  135  15:56  Viking  
  138  16:02  Marine x2  
  127  16:05  Marine  
  127  16:06  Marine  
  127  16:07  Marauder  
  127  16:10  Marauder  
  123  16:18  Planetary Fortress  
  123  16:20  Viking x2  
  127  16:26  Viking  
  127  16:31  Terran Vehicle Weapons Level 2  
  127  16:50  Viking x2  
  131  16:56  Viking  
  129  17:04  Marine x2  
  129  17:05  Marine x4  
  129  17:06  Marauder  
  137  17:14  Marine x2  
  124  17:20  Viking x2  
  124  17:22  Marine x3  
  115  17:26  Marine x3, Viking  
  115  17:27  Marauder  
  105  17:32  Marine  
  105  17:33  Marauder  
  105  17:40  Marine x3  
  105  17:44  Marine x2  
  108  17:48  Marauder  
  108  17:49  Command Center  
  108  17:50  Viking x2  
  108  17:51  Marauder, Marine  
  105  17:54  Marine  
  105  17:56  Viking  
  105  17:58  Marine x2  
  110  18:02  Marine  
  110  18:03  Marine  
  112  18:09  Marine x2  
  112  18:10  Marauder  
  112  18:12  Marauder x2  
  120  18:15  Marine  
  120  18:16  Marine  
  120  18:18  Siege Tank  
  120  18:19  Siege Tank, Viking  
  128  18:20  Marine x2, Viking  
  128  18:23  Refinery  
  128  18:24  Refinery  
  128  18:26  Medivac  
  136  18:27  Marine x2  
  136  18:31  Marauder  
  136  18:33  Marauder, Marine  
  143  18:36  Advanced Ballistics  
  143  18:49  Medivac  
  143  18:50  Marine x2, Medivac  
  143  18:51  Marauder, Siege Tank x2  
  143  18:53  Marauder  
  159  19:02  Planetary Fortress  
  152  19:11  Command Center  
  152  19:16  Marine x2  
  152  19:17  Marauder, Marine x2  
  152  19:23  Siege Tank x2  
  158  19:24  Medivac x2  
  158  19:25  Marine x2  
  158  19:26  Marauder  
  165  19:34  Marine  
  166  19:38  Liberator  
  166  19:39  Liberator  
  166  19:53  Terran Vehicle Weapons Level 3  
  166  19:55  Siege Tank  
  174  20:08  Siege Tank  
  174  20:09  Marine x2  
  174  20:10  Marauder  
  179  20:27  Marine x3  
  179  20:28  Marine x3  
  185  20:29  Marauder  
  187  20:49  Marine  
  166  20:50  Marine x3  
  170  21:07  Marine  
  170  21:08  Marine  
  162  21:31  Liberator  
  162  21:37  Marine x2  
  162  21:38  Marine x3  
  168  21:40  Barracks Reactor  
  168  21:41  Barracks Reactor  
  167  21:47  Starport Reactor  
  167  21:49  Siege Tank x2  
  176  21:55  Planetary Fortress, Marine x3  
  176  21:56  Marine  
  176  21:58  Missile Turret  
  180  22:19  Missile Turret  
Tags
 
Add a new tag
Caveats
  • Supply blocks, unpowered buildings, or Contaminate may cause inaccurate times.
  • Supply counts are checked every 10 seconds.